 Dungeon Crawl Stone Soup version 0.31.0 (webtiles) character file.

Game seed: 5800637220149648671

32 qw the Shooter (level 3, -3/22 HPs)
             Began as a Gargoyle Hunter on Jan 19, 2024.
             Slain by Terence
             ... wielding a +0 falchion
              (8 damage)
             ... on level 2 of the Dungeon.
             The game lasted 00:00:02 (919 turns).

qw the Shooter (Gargoyle Hunter)                     Turns: 919, Time: 00:00:03

Health: -3/22      AC:  6    Str: 14    XL:     3   Next: 27%
Magic:  3/3        EV: 11    Int:  9    God:
Gold:   44         SH:  0    Dex: 15    Spells: 2/2 levels left

rFire   . . .        a - +1 shortbow
rCold   . . .        (shield currently unavailable)
rNeg    + . .        c - +0 leather armour
rPois   inf          (no helmet)
rElec   +            (no cloak)
rCorr   .            (no gloves)
SInv    .            (no boots)
Will    .....        (no amulet)
Stlth   ++           (no ring)
HPRegen 0.23/turn    (no ring)
MPRegen 0.08/turn

%: no passive effects
@: about to teleport
A: sickness immunity, AC +3, negative energy resistance 1, electricity
resistance, torment resistance 1, petrification resistance
a: no special abilities


You were on level 2 of the Dungeon.
You visited 1 branch of the dungeon, and saw 2 of its levels.

You collected 44 gold pieces.


Innate Abilities, Weirdness & Mutations

You are immune to sickness and miasma.
Your stone body is resilient. (AC +3)
You are immune to poison.
You resist negative energy. (rN+)
You are resistant to electric shocks. (rElec)
You are resistant to unholy torment.
You are immune to petrification.


   Skills:
 + Level 2.4 Fighting
 - Level 5.0 Ranged Weapons
 - Level 1.5 Dodging
 - Level 1.1 Stealth


You had 2 spell levels left.
You didn't know any spells.
Your spell library was empty.

Inventory:

Hand Weapons
 a - a +1 shortbow (weapon)
Armour
 c - a +0 leather armour (worn)

Dungeon Overview and Level Annotations

Branches:
Dungeon (2/15)

Altars:

Annotations:
D:2 Terence


Message History

Terence closely misses you.
You shoot an arrow. The arrow closely misses Terence.
The arrow hits the hobgoblin!
You kill the hobgoblin!
Terence barely misses you.
You shoot an arrow.
The arrow hits Terence but does no damage.
Terence is heavily wounded.
A kobold comes into view. It is wielding a +0 short sword.
Terence hits you but does no damage.
You shoot an arrow. The kobold shouts!
The arrow hits Terence but does no damage.
Terence is heavily wounded.
Terence hits you with a +0 falchion. Terence closely misses you.
You shoot an arrow.
The arrow hits Terence but does no damage.
Terence is heavily wounded.
Terence barely misses you.
You shoot an arrow. The arrow closely misses Terence.
Terence closely misses you.
You shoot an arrow. The arrow closely misses Terence.
Terence closely misses you.
You shoot an arrow.
The arrow hits Terence but does no damage.
Terence is heavily wounded.
Terence barely misses you.
You shoot an arrow. The arrow hits Terence!
Terence is almost dead.
Terence barely misses you.
You shoot an arrow.
The arrow hits Terence but does no damage.
Terence is almost dead.
Terence hits you with a +0 falchion. x2
919 ||| READING scroll of teleportation.
As you read the scroll of teleportation, it crumbles to dust.
You feel strangely unstable. Terence hits you with a +0 falchion!
You die...
Terence says, "Rest in peace."

######
.#######)...##
.......'..)..#
#....###.....#
+....###.....#
#....+.'.....#
#....###.....#
#....###.###@#
#####........# #@#
........<....+ .K.
.......#.....##\..8
#####..............
##########......
.\..\..7 #.......


You could see Terence and a kobold.

Vanquished Creatures
  An endoplasm (D:1)
  A giant cockroach (D:2)
  2 goblins (D:1)
  4 hobgoblins
  7 jackals
  A kobold (D:2)
  4 ball pythons (D:1)
  3 bats (D:1)
  3 frilled lizards (D:1)
  3 rats (D:1)
29 creatures vanquished.

Notes
Turn   | Place    | Note
-------+----------+-------------------------------------------
     0 | D:1      | qw the Gargoyle Hunter began the quest for the Orb.
     0 | D:1      | Reached XP level 1. HP: 12/12 MP: 1/1
     0 | D:1      | 0 ||| qw: Version: 0.3-a-132-g3d54051
     0 | D:1      | 0 ||| qw: Game counter: 108
     0 | D:1      | 0 ||| qw: Melee chars always use a shield: true
     0 | D:1      | 0 ||| qw: God list: Okawaru
     0 | D:1      | 0 ||| qw: Allow faded altars: false
     0 | D:1      | 0 ||| qw: Do Orc after clearing Dungeon:15 true
     0 | D:1      | 0 ||| qw: Do second Lair branch before Depths: true
     0 | D:1      | 0 ||| qw: Lair rune preference: random
     0 | D:1      | 0 ||| qw: Goals: Normal
     0 | D:1      | 0 ||| PLANNING D:1-11
   108 | D:1      | Reached XP level 2. HP: 17/17 MP: 2/2
   524 | D:1      | Reached XP level 3. HP: 21/21 MP: 3/3
   785 | D:1      | 785 ||| READING 2 scrolls labelled ESIPSUW WAPAY.
   789 | D:1      | 789 ||| READING scroll labelled HAUNUTZEFA.
   789 | D:1      | 789 ||| IDENTIFYING fuming emerald potion
   790 | D:1      | 790 ||| READING scroll labelled MIMNUM UHULLE.
   791 | D:1      | 791 ||| READING scroll labelled BERCHO FAOD JOE.
   791 | D:1      | 791 ||| ENCHANTING +0 shortbow.
   792 | D:1      | 792 ||| DRINKING 2 fizzy green potions.
   844 | D:1      | 844 ||| DROPPING scroll of butterflies.
   845 | D:1      | 845 ||| DROPPING potion of attraction.
   846 | D:1      | 846 ||| DROPPING potion of lignification.
   897 | D:2      | Noticed Terence
   898 | D:2      | Reached skill level 5 in Ranged Weapons
   918 | D:2      | HP: 4/22 [Terence/+0 falchion (3)]
   919 | D:2      | 919 ||| READING scroll of teleportation.
   919 | D:2      | Slain by Terence

Levels and vault maps discovered:
D:1:      dpeg_arrival_erosion, layout_basic
D:2:      layout_basic, basic_altar, hellmonk_ecumenical_altar_arch_garden,
          uniq_terence

Skill      XL: |  1  2  3 |
---------------+----------+-----
Ranged Weapons | 5 |  5.0
Fighting       | |  2.4
Dodging        | |  1.5
Stealth        | |  1.1

Action                     || total
---------------------------++-------
   Fire: Shortbow          ||    92
    Use: Scroll            ||     5
         Potion            ||     1
 Armour: Leather armour    ||    31
  Dodge: Dodged            ||    36

Table legend:
 A = Non-vault XP
 B = Vault XP
 C = Vault XP percentage of total XP
 D = Non-vault monster count
 E = Vault monster count
 F = Vault count percentage of total count
                 A         B        C        D         E       F
            +---------+---------+-------+---------+---------+-------
      Total |      47 |       0 |   0.0 |      29 |       0 |   0.0
            +---------+---------+-------+---------+---------+-------
        D:1 |      35 |       0 |   0.0 |      23 |       0 |   0.0
        D:2 |      12 |       0 |   0.0 |       6 |       0 |   0.0
            +---------+---------+-------+---------+---------+-------
